 Dungeon Crawl Stone Soup version 0.29.0 (webtiles) character file.

Game seed: 3993836703468280146

431 Dorkslayer the Chopper (level 6, -11/56 HPs)
             Began as a Hill Orc Fighter on Sept 17, 2022.
             Mangled by an ogre
             ... wielding a +0 giant spiked club
              (19 damage)
             ... on level 4 of the Dungeon.
             The game lasted 00:05:52 (2907 turns).

Dorkslayer the Chopper (Hill Orc Fighter)           Turns: 2907, Time: 00:05:52

Health: -11/56     AC:  8    Str: 21    XL:     6   Next: 99%
Magic:  0/6        EV:  9    Int:  8    God:
Gold:   114        SH:  4    Dex: 10    Spells: 5/5 levels left

rFire   . . .      SeeInvis .   a - +0 war axe
rCold   . . .      Faith    .   c - +0 buckler
rNeg    . . .      Spirit   +   b - +0 scale mail
rPois   .          Reflect  .   (no helmet)
rElec   .          Harm     .   m - +0 cloak
rCorr   .          Rampage  .   (no gloves)
Will    .....                   (no boots)
Stlth   ..........              p - amulet of guardian spirit
HPRegen 0.18/turn               (no ring)
MPRegen 0.10/turn               (no ring)

@: lethally poisoned (-11 -> -12)
A: no striking features
a: no special abilities


You were on level 4 of the Dungeon.
You visited 1 branch of the dungeon, and saw 4 of its levels.

You collected 114 gold pieces.

Inventory:

Hand Weapons
 a - a +0 war axe (weapon)
Missiles
 o - 2 throwing nets (quivered)
 q - 6 boomerangs
Armour
 b - a +0 scale mail (worn)
 c - a +0 buckler (worn)
 m - a +0 cloak (worn)
Jewellery
 p - an amulet of guardian spirit (around neck)
Wands
 t - a wand of flame (12)
Scrolls
 f - 6 scrolls of identify {unknown}
 i - a scroll of silence {unknown}
 j - 2 scrolls of noise {unknown}
 k - a scroll of immolation {unknown}
 l - 3 scrolls of teleportation {unknown}
 n - a scroll of enchant armour {unknown}
 r - a scroll of amnesia {unknown}
 u - a scroll of magic mapping {unknown}
 v - a scroll of enchant weapon {unknown}
Potions
 d - a potion of heal wounds {unknown}
 e - 2 potions of flight {unknown}
 g - 3 potions of curing {unknown}
 h - a potion of resistance {unknown}
 s - a potion of mutation {unknown}


   Skills:
 + Level 5.0 Fighting
 + Level 6.5 Axes
 + Level 4.6 Armour
 + Level 0.9 Dodging
 + Level 0.4 Stealth
 * Level 4.2 Shields
 * Level 0.5 Evocations


You had 5 spell levels left.
You didn't know any spells.
Your spell library contained the following spells:

 Spells                   Type           Power      Damage    Failure   Level
 Apportation              Tloc           0%         N/A       83%         1
 Tukima's Dance           Hex            0%         N/A       99%         3
 Passage of Golubria      Tloc           0%         N/A       100%        4
 Alistair's Intoxication  Tmut/Pois      0%         N/A       100%        5
 Yara's Violent Unravell  Hex/Tmut       0%         3d3       100%        5


Dungeon Overview and Level Annotations

Branches:
Dungeon (4/15)
 Temple: D:4-7

Altars:


Message History

You climb downwards.
The orc shouts!
You hear a shout!
Found a stone staircase leading down.
There is a stone staircase leading up here.
An ogre comes into view. It is wielding a +0 giant spiked club.
You closely miss the orc. The orc barely misses you.
You hit the orc.
The orc is almost dead.
You block the orc's attack.
You hit the orc but do no damage.
The orc is almost dead.
You hit the scorpion. The scorpion stings you. The orc hits you with a +0 club.
You hit the scorpion.
The scorpion is heavily wounded.
You hit the orc but do no damage. You block the scorpion's attack.
The orc hits you with a +0 club. The scorpion stings you.
You hit the scorpion but do no damage.
The scorpion is heavily wounded.
You slash the orc!
You kill the orc!
The scorpion stings you.
You are poisoned.
The scorpion poisons you!
You slash the scorpion!
You kill the scorpion!
You feel sick.
Your Fighting skill increases to level 5!
You feel sick.
The ogre hits you with a +0 giant spiked club!!
Ouch! That really hurt!
* * * LOW HITPOINT WARNING * * *
You feel sick.
You hit the ogre.
The ogre is lightly wounded.
You feel sick. You block the ogre's attack.
You hit the ogre but do no damage.
The ogre is lightly wounded.
You feel sick.
The ogre hits you with a +0 giant spiked club!!
You die...

..#....# ..
......# ...#
.....# ...#
....###..# .
...#....#. ..# #
.........#
....#.#....##..#
......#@O.......
.........).>....
#......<........
##..............
#.....#...###..
###.###..## # #.
#### ##


You could see an ogre.

Vanquished Creatures
  Sigmund (D:2)
  A scorpion (D:4)
  Crazy Yiuf (D:2)
  A hound (D:3)
  Jessica (D:2)
  4 gnolls
  An adder (D:2)
  3 worms (D:2)
  A dart slug (D:3)
  5 orcs
  7 endoplasms
  A giant cockroach (D:2)
  6 goblins
  4 hobgoblins
  A quokka (D:2)
  3 ball pythons
  4 bats
  7 frilled lizards
  4 kobolds
  4 rats
60 creatures vanquished.

Vanquished Creatures (others)
  3 plants (D:2)
3 creatures vanquished.

Grand Total: 63 creatures vanquished

Notes
Turn   | Place    | Note
-------+----------+-------------------------------------------
     0 | D:1      | Dorkslayer the Hill Orc Fighter began the quest for the
                  | Orb.
     0 | D:1      | Reached XP level 1. HP: 19/19 MP: 1/1
   381 | D:1      | Reached XP level 2. HP: 27/27 MP: 2/2
   685 | D:1      | Found a faded altar of an unknown god.
   742 | D:1      | Reached skill level 3 in Axes
  1234 | D:2      | Noticed Jessica
  1240 | D:2      | Killed Jessica
  1241 | D:2      | Reached XP level 3. HP: 33/33 MP: 3/3
  1303 | D:2      | Identified the +7 dagger of Ru {vorpal, Str+3 Int+4}
  1352 | D:2      | Reached XP level 4. HP: 27/40 MP: 4/4
  1390 | D:2      | Noticed Sigmund
  1404 | D:2      | Killed Sigmund
  1405 | D:2      | Reached skill level 5 in Axes
  1405 | D:2      | Reached XP level 5. HP: 32/47 MP: 5/5
  1405 | D:2      | Reached XP level 6. HP: 36/53 MP: 6/6
  1983 | D:2      | Found a runed translucent door.
  1984 | D:2      | Noticed Crazy Yiuf
  1989 | D:2      | Paralysed by Crazy Yiuf for 3 turns
  1994 | D:2      | Killed Crazy Yiuf
  2377 | D:3      | Reached skill level 6 in Axes
  2622 | D:3      | Identified the +5 rapier "Noxopuuph" {freeze, Dex+2}
  2904 | D:4      | Reached skill level 5 in Fighting
  2907 | D:4      | Mangled by an ogre

Illustrated notes

Levels and vault maps discovered:
D:1:      matt_arrival_diagonals, layout_basic,
          hellmonk_ecumenical_altar_arch_garden,
          nicolae_concentric_dashed_squares_wild
D:2:      layout_basic, guppyfry_early_lair_pool, uniq_sigmund,
          uniq_crazy_yiuf_cottage, uniq_jessica
D:3:      layout_rooms, grunt_decor_arrowhead, nrook_campfire,
          kennysheep_generic_room_5
D:4:      layout_cave_pools, serial_shops, kennysheep_little_box

Skill      XL: |  1  2  3  4  5  6 |
---------------+-------------------+-----
Axes           | 3 5 6 |  6.5
Fighting       | 4 5 |  5.0
Armour         | 4 |  4.6
Shields        | 4 |  4.2
Dodging        | |  0.9
Stealth        | |  0.4
Evocations     | |  0.5

Action                   |  1- 3 |  4- 6 || total
-------------------------+-------+-------++-------
Melee: War axe           |    88 |    84 ||   172
  Use: Potion            |       |     1 ||     1
Armor: Scale mail        |    39 |    31 ||    70
Dodge: Dodged            |    49 |    39 ||    88
Block: Buckler           |    17 |    11 ||    28
